TOP OF THE 1ST |
Baffin Island Beavers batting - Pitching for Nassau Rockets : LHP Joaquín Gonzáles
|
Pitching: LHP Joaquín Gonzáles
|
|
Batting: RHB Alden Isenhood
|
0-0: Ball 1-0: Ground out 4-3 (Groundball, 4)
|
Batting: LHB Lewis Barr
|
0-0: Called Strike 0-1: Called Strike 0-2: Strikes out swinging
|
Batting: SHB Alonso Ferreira
|
0-0: Ball 1-0: Foul Ball, location: 2F 1-1: Foul Ball, location: 2F 1-2: Ball 2-2: Ball 3-2: Ground out 4-3 (Groundball, 4M)
|
Top of the 1st over - 0 runs, 0 hits, 0 errors, 0 left on base; Baffin Island 0 - Nassau 0 |
BOTTOM OF THE 1ST |
Nassau Rockets batting - Pitching for Baffin Island Beavers : RHP Reagan Wear
|
Pitching: RHP Reagan Wear
|
|
Batting: RHB Kenji Kudo
|
0-0: Ground out U3 (Groundball, 34)
|
Batting: SHB Edgardo Osorio
|
0-0: Swinging Strike 0-1: Swinging Strike 0-2: Foul Ball, location: 2F 0-2: Ball 1-2: Strikes out swinging, 2-3 out at first.
|
Batting: LHB Andrew Alvarado
|
0-0: Ball 1-0: Called Strike 1-1: Ball 2-1: Foul Ball, location: 2F 2-2: Ground out 4-3 (Groundball, 4)
|
Bottom of the 1st over - 0 runs, 0 hits, 0 errors, 0 left on base; Baffin Island 0 - Nassau 0 |
TOP OF THE 2ND |
Baffin Island Beavers batting - Pitching for Nassau Rockets : LHP Joaquín Gonzáles
|
Batting: RHB Paco Arellano
|
0-0: Called Strike 0-1: Ball 1-1: Ball 2-1: Foul Ball, location: 2F 2-2: Foul Ball, location: 2F 2-2: Foul Ball, location: 2F 2-2: Foul Ball, location: 2F 2-2: Strikes out swinging
|
Batting: LHB Howard Evans
|
0-0: SINGLE (Groundball, 6MD)
|
Batting: RHB Dave Craig
|
0-0: Swinging Strike 0-1: Foul Ball, location: 2F 0-2: Ball 1-2: Foul Ball, location: 2F 1-2: Ball 2-2: Strikes out swinging
|
Batting: RHB Pedro Rosado
|
0-0: Fielders Choice at 2nd, 6-4 (Groundball, 6)
|
Top of the 2nd over - 0 runs, 1 hit, 0 errors, 1 left on base; Baffin Island 0 - Nassau 0 |
BOTTOM OF THE 2ND |
Nassau Rockets batting - Pitching for Baffin Island Beavers : RHP Reagan Wear
|
Batting: LHB Wilson Allen
|
0-0: Ball 1-0: Ball 2-0: Ball 3-0: Called Strike 3-1: Base on Balls
|
Batting: LHB Juan Romero
|
0-0: Ball 1-0: Called Strike 1-1: Ball 2-1: Fly out, F8 (Flyball, 89XD)
|
Batting: RHB Wallace Greene
|
0-0: Ball 1-0: Foul Ball, location: 2F 1-1: Ball 2-1: Foul Ball, location: 2F 2-2: Ball 3-2: Foul Ball, location: 2F 3-2: Fly out, F7 (Line Drive, 7LM)
|
Batting: RHB Dexter Potter
|
0-0: Foul Ball, location: 2F 0-1: Foul Ball, location: 2F 0-2: Ball 1-2: Strikes out swinging
|
Bottom of the 2nd over - 0 runs, 0 hits, 0 errors, 1 left on base; Baffin Island 0 - Nassau 0 |
TOP OF THE 3RD |
Baffin Island Beavers batting - Pitching for Nassau Rockets : LHP Joaquín Gonzáles
|
Batting: LHB Mike MacFadden
|
0-0: Ball 1-0: Called Strike 1-1: Ball 2-1: Foul Ball, location: 2F 2-2: Ground out 4-3 (Groundball, 4)
|
Batting: LHB Albert Morgan
|
0-0: Ground out 4-3 (Groundball, 6M)
|
Batting: RHB Alden Isenhood
|
0-0: Swinging Strike 0-1: SINGLE (Groundball, 56S) (infield hit)
|
Batting: LHB Lewis Barr
|
0-0: Ball 1-0: Ball 2-0: Called Strike 2-1: Foul Ball, location: 2F 2-2: Strikes out swinging
|
Top of the 3rd over - 0 runs, 1 hit, 0 errors, 1 left on base; Baffin Island 0 - Nassau 0 |
BOTTOM OF THE 3RD |
Nassau Rockets batting - Pitching for Baffin Island Beavers : RHP Reagan Wear
|
Batting: RHB Aaron Wilson
|
0-0: Foul Ball, location: 2F 0-1: DOUBLE (Line Drive, 9LD)
|
Batting: RHB Jesús Villalobos
|
0-0: Called Strike 0-1: Foul Ball, location: 2F 0-2: Ball 1-2: Hit by Pitch
|
Batting: RHB Kenji Kudo
|
0-0: Foul Ball, location: 2F 0-1: Ball 1-1: Called Strike 1-2: Fly out, F7 (Flyball, 7S)
|
Batting: SHB Edgardo Osorio
|
0-0: Grounds into double play, 3-6-3 (Groundball, 3)
|
Bottom of the 3rd over - 0 runs, 1 hit, 0 errors, 1 left on base; Baffin Island 0 - Nassau 0 |
TOP OF THE 4TH |
Baffin Island Beavers batting - Pitching for Nassau Rockets : LHP Joaquín Gonzáles
|
Batting: SHB Alonso Ferreira
|
0-0: Ball 1-0: Fly out, F3 (Popup, 3)
|
Batting: RHB Paco Arellano
|
0-0: Called Strike 0-1: Ball 1-1: Fly out, F8 (Flyball, 8RM)
|
Batting: LHB Howard Evans
|
0-0: Single, Error in OF, E8, batter to second base
|
Batting: RHB Dave Craig
|
0-0: Ball 1-0: Called Strike 1-1: Ball 2-1: Ball 3-1: Ground out 6-3 (Groundball, 6D)
|
Top of the 4th over - 0 runs, 1 hit, 1 error, 1 left on base; Baffin Island 0 - Nassau 0 |
BOTTOM OF THE 4TH |
Nassau Rockets batting - Pitching for Baffin Island Beavers : RHP Reagan Wear
|
Batting: LHB Andrew Alvarado
|
0-0: Fly out, F4 (Line Drive, 4MD)
|
Batting: LHB Wilson Allen
|
0-0: Called Strike 0-1: Ball 1-1: Foul Ball, location: 2F 1-2: Ball 2-2: Fly out, F4 (Line Drive, 4)
|
Batting: LHB Juan Romero
|
0-0: Ground out 1-3 (Groundball, 13)
|
Bottom of the 4th over - 0 runs, 0 hits, 0 errors, 0 left on base; Baffin Island 0 - Nassau 0 |
TOP OF THE 5TH |
Baffin Island Beavers batting - Pitching for Nassau Rockets : LHP Joaquín Gonzáles
|
Batting: RHB Pedro Rosado
|
0-0: Called Strike 0-1: SINGLE (Line Drive, 89M)
|
Batting: LHB Mike MacFadden
|
0-0: Ball 1-0: Ball 2-0: Called Strike 2-1: Ball 3-1: Called Strike 3-2: Strikes out swinging Pedro Rosado steals 2nd base Batter strikes out.
|
Batting: LHB Albert Morgan
|
0-0: Ball 1-0: SINGLE (Line Drive, 4MD) Pedro Rosado to third Runner from 3rd tries for Home, SAFE, throw made home
|
Batting: RHB Alden Isenhood
|
0-0: Swinging Strike 0-1: Grounds into double play, 1-4-3 (Groundball, 15)
|
Top of the 5th over - 1 run, 2 hits, 0 errors, 0 left on base; Baffin Island 1 - Nassau 0 |
BOTTOM OF THE 5TH |
Nassau Rockets batting - Pitching for Baffin Island Beavers : RHP Reagan Wear
|
Batting: RHB Wallace Greene
|
0-0: Ball 1-0: Swinging Strike 1-1: Ball 2-1: Ball 3-1: Base on Balls
|
Batting: RHB Dexter Potter
|
0-0: Ball 1-0: Foul Ball, location: 2F 1-1: Swinging Strike 1-2: Strikes out swinging
|
Batting: RHB Aaron Wilson
|
0-0: Ground out 5-3 (Groundball, 56S) Wallace Greene to second
|
Batting: RHB Jesús Villalobos
|
0-0: Called Strike 0-1: Ground out 6-3 (Groundball, 6)
|
Bottom of the 5th over - 0 runs, 0 hits, 0 errors, 1 left on base; Baffin Island 1 - Nassau 0 |
TOP OF THE 6TH |
Baffin Island Beavers batting - Pitching for Nassau Rockets : LHP Joaquín Gonzáles
|
Batting: LHB Lewis Barr
|
0-0: Swinging Strike 0-1: Ground out 6-3 (Groundball, 6MD)
|
Batting: SHB Alonso Ferreira
|
0-0: Ball 1-0: Ball 2-0: Foul Ball, location: 2F 2-1: Foul Ball, location: 2F 2-2: Fly out, F8 (Flyball, 8LM)
|
Batting: RHB Paco Arellano
|
0-0: Ball 1-0: Ball 2-0: Ball 3-0: Called Strike 3-1: Called Strike 3-2: Strikes out swinging
|
Top of the 6th over - 0 runs, 0 hits, 0 errors, 0 left on base; Baffin Island 1 - Nassau 0 |
BOTTOM OF THE 6TH |
Nassau Rockets batting - Pitching for Baffin Island Beavers : RHP Reagan Wear
|
Batting: RHB Kenji Kudo
|
0-0: Ball 1-0: Called Strike 1-1: Fly out, F8 (Flyball, 8RD)
|
Batting: SHB Edgardo Osorio
|
0-0: Fly out, F9 (Flyball, 9S)
|
Batting: LHB Andrew Alvarado
|
0-0: Ball 1-0: Fly out, F6 (Line Drive, 6)
|
Bottom of the 6th over - 0 runs, 0 hits, 0 errors, 0 left on base; Baffin Island 1 - Nassau 0 |
TOP OF THE 7TH |
Baffin Island Beavers batting - Pitching for Nassau Rockets : LHP Joaquín Gonzáles
|
Batting: LHB Howard Evans
|
0-0: Called Strike 0-1: Ball 1-1: Ground out 6-3 (Groundball, 6)
|
Batting: RHB Dave Craig
|
0-0: Swinging Strike 0-1: Swinging Strike 0-2: Foul Ball, location: 2F 0-2: Foul Ball, location: 2F 0-2: Ball 1-2: Ball 2-2: SOLO HOME RUN (Flyball, 78XD), Distance : 380 ft
|
Batting: RHB Pedro Rosado
|
0-0: Called Strike 0-1: SINGLE (Flyball, 9S)
|
Batting: LHB Mike MacFadden
|
0-0: Called Strike 0-1: Foul Ball, location: 2F 0-2: Foul Ball, location: 2F 0-2: Ball 1-2: Strikes out swinging
|
Batting: LHB Albert Morgan
|
0-0: Called Strike Pedro Rosado steals 2nd base 0-1: Ball 1-1: DOUBLE (Groundball, 3L) Pedro Rosado scores
|
Batting: RHB Alden Isenhood
|
0-0: Ball 1-0: Ball 2-0: Ground out 6-3 (Groundball, 6MS)
|
Top of the 7th over - 2 runs, 3 hits, 0 errors, 1 left on base; Baffin Island 3 - Nassau 0 |
BOTTOM OF THE 7TH |
Nassau Rockets batting - Pitching for Baffin Island Beavers : RHP Reagan Wear
|
Batting: LHB Wilson Allen
|
0-0: Ball 1-0: Ball 2-0: SINGLE (Groundball, 4MD)
|
Batting: LHB Juan Romero
|
0-0: Called Strike 0-1: Ball 1-1: Foul Ball, location: 2F 1-2: Fielders Choice at 2nd, 1-6 (Groundball, 13S)
|
Batting: RHB Wallace Greene
|
0-0: Called Strike 0-1: Fielders Choice at 2nd, 4-6 (Groundball, 4)
|
Batting: RHB Dexter Potter
|
0-0: Called Strike 0-1: Ball 1-1: Called Strike 1-2: Ball 2-2: Ball 3-2: Foul Ball, location: 2F 3-2: Base on Balls Wallace Greene to second
|
Batting: RHB Aaron Wilson
|
0-0: Foul Ball, location: 2F 0-1: Fielders Choice at 2nd, 6-4 (Groundball, 6)
|
Bottom of the 7th over - 0 runs, 1 hit, 0 errors, 2 left on base; Baffin Island 3 - Nassau 0 |
TOP OF THE 8TH |
Baffin Island Beavers batting - Pitching for Nassau Rockets : LHP Joaquín Gonzáles
|
Pitching: RHP Ron Bartlett
|
|
Batting: LHB Lewis Barr
|
0-0: Foul Ball, location: 2F 0-1: Called Strike 0-2: Ball 1-2: Strikes out swinging
|
Batting: SHB Alonso Ferreira
|
0-0: Called Strike 0-1: SINGLE (Groundball, 34D)
|
Batting: RHB Paco Arellano
|
0-0: Foul Ball, location: 2F 0-1: Foul Ball, location: 2F 0-2: Strikes out swinging
|
Pitching: LHP Dennis Taylor
|
|
Batting: LHB Howard Evans
|
0-0: Swinging Strike 0-1: Foul Ball, location: 2F 0-2: Ball 1-2: Ball 2-2: Foul Ball, location: 2F 2-2: Strikes out swinging
|
Top of the 8th over - 0 runs, 1 hit, 0 errors, 1 left on base; Baffin Island 3 - Nassau 0 |
BOTTOM OF THE 8TH |
Nassau Rockets batting - Pitching for Baffin Island Beavers : RHP Reagan Wear
|
Batting: RHB Jesús Villalobos
|
0-0: Ball 1-0: Ball 2-0: Ball 3-0: Called Strike 3-1: SINGLE (Line Drive, 6D)
|
Batting: RHB Kenji Kudo
|
0-0: Foul Ball, location: 2F 0-1: Ball 1-1: Foul Ball, location: 2F 1-2: Ball 2-2: Foul Ball, location: 2F 2-2: Foul Ball, location: 2F 2-2: Strikes out swinging
|
Batting: SHB Edgardo Osorio
|
0-0: Ball 1-0: Foul Ball, location: 2F 1-1: Foul Ball, location: 2F 1-2: Ball 2-2: Strikes out looking
|
Batting: LHB Andrew Alvarado
|
0-0: Ball 1-0: Ball 2-0: Fly out, F5 (Line Drive, 5L)
|
Bottom of the 8th over - 0 runs, 1 hit, 0 errors, 1 left on base; Baffin Island 3 - Nassau 0 |
TOP OF THE 9TH |
Baffin Island Beavers batting - Pitching for Nassau Rockets : LHP Dennis Taylor
|
Pitching: RHP Kenkichi Morimoto
|
|
Batting: RHB Dave Craig
|
0-0: Foul Ball, location: 2F 0-1: Ball 1-1: Ball 2-1: Called Strike 2-2: Ball 3-2: Base on Balls
|
Batting: RHB Pedro Rosado
|
0-0: Sac Bunt - play at first, batter OUT! 3-4 Dave Craig to second
|
Batting: LHB Mike MacFadden
|
0-0: Ball 1-0: Ball 2-0: Called Strike 2-1: Ground out 3-1 (Groundball, 34S) Dave Craig to third
|
Batting: LHB Albert Morgan
|
0-0: SINGLE (Line Drive, 4D) Dave Craig scores
|
Batting: RHB Alden Isenhood
|
0-0: Called Strike Albert Morgan is caught stealing 2nd base
|
Top of the 9th over - 1 run, 1 hit, 0 errors, 0 left on base; Baffin Island 4 - Nassau 0 |
BOTTOM OF THE 9TH |
Nassau Rockets batting - Pitching for Baffin Island Beavers : RHP Reagan Wear
|
Batting: LHB Wilson Allen
|
0-0: Ball 1-0: Ball 2-0: Foul Ball, location: 2F 2-1: SOLO HOME RUN (Flyball, 89XD), Distance : 392 ft
|
Batting: LHB Juan Romero
|
0-0: Foul Ball, location: 2F 0-1: Ground out 5-3 (Groundball, 5)
|
Batting: RHB Wallace Greene
|
0-0: Ball 1-0: Ball 2-0: Called Strike 2-1: Ground out 5-3 (Groundball, 5)
|
Batting: RHB Dexter Potter
|
0-0: Ground out U3 (Groundball, 3)
|
Bottom of the 9th over - 1 run, 1 hit, 0 errors, 0 left on base; Baffin Island 4 - Nassau 1 |
|